 Dungeon Crawl Stone Soup version 0.25-a0-42-g6c54e25894 (webtiles) character file.

Game seed: 1243458364607951466, levelgen mode: deterministic

1923 Kairok the Sneak (level 9, 0/45 HPs)
             Began as a Vine Stalker Assassin on Oct 23, 2019.
             Was a Believer of Okawaru.
             Slain by Joseph the meliai
             ... wielding a +0 quarterstaff
              (7 damage)
             ... on level 6 of the Dungeon.
             The game lasted 00:10:05 (5661 turns).

Kairok the Sneak (Vine Stalker Assassin)            Turns: 5661, Time: 00:10:05

Health: 0/45       AC:  9    Str: 14    XL:     9   Next: 17%
Magic:  0/10       EV: 11    Int: 11    God:    Okawaru [**....]
Gold:   270        SH:  0    Dex: 21    Spells: 8/8 levels left

rFire    . . .     SeeInvis .   a - +5 dagger
rCold    . . .     Gourm    .   (no shield)
rNeg     . . .     Faith    .   j - +1 scale mail
rPois    .         Spirit   +   (no helmet)
rElec    .         Reflect  .   c - +0 cloak
rCorr    +         Harm     .   (no gloves)
MR       +....                  (no boots)
Stlth    +++.......             (no amulet)
HPRegen  0.55/turn              u - ring of flight
MPRegen  0.12/turn              s - ring of resist corrosion

@: lethally poisoned (0 -> -13), about to teleport, studying Poison Magic
A: fangs 3, agile 1, regeneration 1, magic shield, antimagic bite, no potion
heal 3, rot immunity
a: Heroism, Renounce Religion, Evoke Flight


You were on level 6 of the Dungeon.
You worshipped Okawaru.
Okawaru was pleased with you.
You were very hungry.

You visited 2 branches of the dungeon, and saw 8 of its levels.

You collected 270 gold pieces.

Inventory:

Hand Weapons
 a - a +5 dagger (weapon)
Missiles
 d - 27 poisoned darts (quivered)
 e - a curare-tipped dart
Armour
 b - a +0 robe
 c - a +0 cloak (worn)
 h - a +0 ring mail
 j - a +1 scale mail (worn)
Jewellery
 s - a ring of resist corrosion (right hand)
 u - a ring of flight (left hand)
Wands
 r - a wand of polymorph (7)
Scrolls
 g - a scroll of magic mapping
 k - 2 scrolls of blinking
 p - a scroll of acquirement {unknown}
 v - a scroll of amnesia
 y - a scroll of fog {unknown}
 z - 2 scrolls of remove curse {unknown}
Potions
 l - 5 potions of curing
 m - a potion of magic {unknown}
 n - a potion of ambrosia
 o - 2 potions of degeneration {unknown}
 q - a potion of agility
 t - 2 potions of lignification
 w - a potion of flight {unknown}
Books
 x - a manual of Poison Magic
Comestibles
 f - 14 rations


   Skills:
 + Level 4.0 Fighting
 + Level 6.1 Short Blades
 + Level 3.5 Throwing
 + Level 4.6 Armour
 + Level 2.8 Dodging
 + Level 7.5 Stealth


You had 8 spell levels left.
You didn't know any spells.
Your spell library was empty.

Dungeon Overview and Level Annotations

Branches:
Dungeon (7/15)             Temple (1/1) D:5

Altars:
Ashenzari
Cheibriados
Dithmenos
Elyvilon
Fedhas
Gozag
Hepliaklqana
Kikubaaqudgha
Makhleb
Nemelex Xobeh
Okawaru
Qazlal
Ru
Sif Muna
Trog
Uskayaw
Vehumet
Wu Jian
Zin
The Shining One

Annotations:
D:6 Joseph


Innate Abilities, Weirdness & Mutations

You have razor-sharp teeth.
Your natural rate of healing is unusually fast.
When hurt, damage is shared between your health and your magic reserves.
Your bite disrupts and absorbs the magic of your enemies.
Potions cannot restore your health.
You are immune to rotting.
You are agile. (Dex +2)


Message History

There is a stone staircase leading up here.
Unknown command.
You feel very sick. Joseph barely misses you. Joseph closely misses you.
You climb upwards.
* * * LOW HITPOINT WARNING * * *
You feel very sick.
There is a stone staircase leading down here.
* * * LOW HITPOINT WARNING * * *
You feel very sick. Joseph hits you but does no damage. Joseph misses you.
Throwing (i - inventory. (/) - cycle)
d - 27 poisoned darts (quivered)
Press: ? - help, Shift-Dir - straight line, f - Joseph
Aim: Joseph the meliai, wielding a +0 quarterstaff
Okay, then.
As you read the scroll of teleportation, it crumbles to dust.
You feel strangely unstable.
* * * LOW HITPOINT WARNING * * *
You feel sick. Joseph hits you with a +0 quarterstaff. Joseph stings you!
You die...

##.########..###.#......# #.
#....#.........#.#.###### #.
#..#.#.####.###..#.# #.
#..#.#.............###########.
#..#...#####.##....'...........
###..###.......##....########....
.....# #.#####.##......######....
####.############y####..[.).'....
................@.# ########....
##...############## #....
.#......# #.... .#.#..#.# #....
.#.#.##.# ##### ...####.# .#.#
#.# ...# #.# .### #.#


You could see Joseph the meliai.

Vanquished Creatures
  A hornet (D:7)
  A hippogriff (D:3)
  A sky beast (D:6)
  An ogre (D:4)
  2 centaurs (D:6)
  A bullfrog (D:7)
  3 scorpions
  A howler monkey (D:7)
  4 crimson imps
  A jelly (D:6)
  A bullfrog zombie (D:6)
  2 hounds
  4 orc priests (D:6)
  A bullfrog skeleton (D:4)
  An iguana (D:6)
  3 orc wizards (D:6)
  3 worker ants (D:5)
  A hound skeleton (D:5)
  13 gnolls
  12 adders
  2 adder skeletons (D:5)
  4 worms
  4 leopard geckos
  23 orcs
  2 ball pythons
  8 giant cockroaches
  14 goblins
  12 hobgoblins
  4 jackals (D:3)
  3 quokkas (D:2)
  6 bats
  A frilled lizard (D:1)
  A giant cockroach zombie (D:6)
  A jackal skeleton (D:6)
  6 kobolds
  A quokka skeleton (D:7)
  10 rats
159 creatures vanquished.

Notes
Turn   | Place    | Note
-------+----------+-------------------------------------------
     0 | D:1      | Kairok the Vine Stalker Assassin began the quest for the
                  | Orb.
     0 | D:1      | Reached XP level 1. HP: 11/11 MP: 2/2
    34 | D:1      | Reached skill level 5 in Stealth
    84 | D:1      | Reached XP level 2. HP: 15/15 MP: 3/3
   481 | D:1      | Reached XP level 3. HP: 18/18 MP: 4/4
  1458 | D:2      | Reached skill level 1 in Dodging
  1458 | D:2      | Gained mutation: Your natural rate of healing is unusually
                  | fast. [Vine Stalker growth]
  1458 | D:2      | Reached XP level 4. HP: 23/23 MP: 5/5
  1851 | D:2      | Reached skill level 1 in Armour
  2085 | D:3      | Reached XP level 5. HP: 25/26 MP: 6/6
  2189 | D:3      | Found a radiant altar of Vehumet.
  2281 | D:3      | Noticed a hippogriff
  2285 | D:3      | Killed a hippogriff
  2285 | D:3      | Reached skill level 6 in Stealth
  2285 | D:3      | Reached XP level 6. HP: 10/31 MP: 2/7
  2467 | D:3      | Found a shadowy altar of Dithmenos.
  3021 | D:4      | Reached XP level 7. HP: 17/35 MP: 3/8
  3236 | D:4      | Found an opulent altar of Gozag.
  3491 | D:4      | Gained mutation: You are agile. (Dex +2) [potion of
                  | mutation]
  3501 | D:5      | Entered Level 5 of the Dungeon
  3673 | D:5      | Found a staircase to the Ecumenical Temple.
  3684 | Temple   | Entered the Ecumenical Temple
  3928 | Temple   | Became a worshipper of Warmaster Okawaru
  3986 | D:5      | Gained mutation: You have razor-sharp teeth. [Vine Stalker
                  | growth]
  3986 | D:5      | Reached XP level 8. HP: 23/39 MP: 9/9
  4016 | D:5      | You fall into a shaft and drop 1 floor!
  4217 | D:6      | Reached skill level 7 in Stealth
  4246 | D:6      | Reached * piety under Okawaru
  4254 | D:6      | Reached skill level 5 in Short Blades
  4311 | D:5      | Found an ancient bone altar of Kikubaaqudgha.
  4311 | D:5      | Found a blossoming altar of Fedhas.
  4711 | D:5      | Found a hazy altar of Hepliaklqana.
  4711 | D:5      | Found a hide-covered altar of Uskayaw.
  5225 | D:7      | Noticed a hornet
  5233 | D:7      | Killed a hornet
  5233 | D:7      | Reached XP level 9. HP: 45/45 MP: 10/10
  5266 | D:6      | Reached ** piety under Okawaru
  5336 | D:7      | Noticed Joseph
  5650 | D:7      | Noticed Joseph
  5650 | D:7      | Joseph changed into Joseph the meliai
  5661 | D:6      | Slain by Joseph the meliai

Levels and vault maps discovered:
D:1:      giann_forest_graveyard, layout_basic, feat_on_display
D:2:      minmay_razor_zed, layout_basic
D:3:      layout_basic, marbit_many_paths, grunt_decor_mini_mirrors,
          grunt_dithmenos_smoke
D:4:      layout_rooms, lemuel_round_altar, first_ration
D:5:      layout_loops_cross, gammafunk_temple_overflow_wave,
          grunt_temple_overflow_growth_and_decay,
          minmay_temple_entry_antechambers
D:6:      layout_basic, minmay_manual_mares
D:7:      layout_basic, serial_shops, kennysheep_little_box, ebering_ghost_xom,
          uniq_crazy_yiuf_cottage, uniq_joseph
Temple:   oiseaux_autumnal_temple

Skill      XL: |  1  2  3  4  5  6  7  8  9 |
---------------+----------------------------+-----
Stealth        | 5 6 7 |  7.5
Throwing       | 2 3 |  3.5
Short Blades   | 2 3 4 5 6 |  6.1
Fighting       | 2 3 4 |  4.0
Dodging        | 1 2 |  2.8
Armour         | 1 2 3 4 |  4.6

Action                   |  1- 3 |  4- 6 |  7- 9 || total
-------------------------+-------+-------+-------++-------
Melee: Dagger            |   104 |   110 |   266 ||   480
       Bite              |    24 |    36 |    92 ||   152
Throw: Dart              |    21 |    17 |    12 ||    50
Evoke: Wand              |       |       |     2 ||     2
  Use: Scroll            |     3 |     7 |     6 ||    16
       Potion            |       |       |     1 ||     1
 Stab: Sleeping          |     1 |     5 |     8 ||    14
  Eat: Chunk             |     1 |     5 |     8 ||    14
Armor: Robe              |    13 |       |       ||    13
       Ring mail         |     7 |       |       ||     7
       Scale mail        |    40 |    44 |    99 ||   183
Dodge: Dodged            |    80 |    47 |   108 ||   235

Table legend:
 A = Non-vault XP
 B = Vault XP
 C = Vault XP percentage of total XP
 D = Non-vault monster count
 E = Vault monster count
 F = Vault count percentage of total count
                 A         B        C        D         E       F
            +---------+---------+-------+---------+---------+-------
      Total |    2490 |     258 |   9.4 |     143 |      16 |  10.1
            +---------+---------+-------+---------+---------+-------
        D:1 |      42 |       0 |   0.0 |      25 |       0 |   0.0
        D:2 |      57 |      32 |  36.0 |      16 |      13 |  44.8
        D:3 |     317 |       1 |   0.3 |      21 |       1 |   4.5
        D:4 |     527 |       0 |   0.0 |      19 |       0 |   0.0
        D:5 |     358 |       0 |   0.0 |      29 |       0 |   0.0
        D:6 |     692 |     225 |  24.5 |      26 |       2 |   7.1
        D:7 |     449 |       0 |   0.0 |       6 |       0 |   0.0
     Temple |      48 |       0 |   0.0 |       1 |       0 |   0.0
            +---------+---------+-------+---------+---------+-------
